 Dungeon Crawl Stone Soup version 0.28.0-53-g5a82cb258f (console) character file.

Game seed: 3878781129844281136

4473 erker the Geomancer (level 10, -10/55 (56) HPs)
             Began as an Octopode Earth Elementalist on July 23, 2022.
             Was a Believer of Dithmenos.
             Killed from afar by Erolcha (12 damage)
             ... with a fireball
             ... on level 9 of the Dungeon.
             The game lasted 00:33:36 (12907 turns).

erker the Geomancer (Octopode Earth Elementalist)  Turns: 12907, Time: 00:33:36

HP:   -10/55 (56)   AC:  5    Str: 14    XL:     10   Next: 38%
MP:   15/16         EV: 28    Int: 22    God:    Dithmenos [**....]
Gold: 690           SH:  0    Dex: 12    Spells: 4/17 levels left

rFire   . . .      SeeInvis .   a - +2 dagger (vamp)
rCold   + . .      Faith    .   (no shield)
rNeg    . . .      Spirit   .   (helmet restricted)
rPois   .          Reflect  .   c - amulet of the acrobat
rElec   .          Harm     .   n - ring of protection from cold
rCorr   .          Rampage  .   w - +4 ring of protection
Will    .....                   E - +6 ring of strength
Stlth   ++++++....              (no ring)
HPRegen 0.18/turn               (no ring)
MPRegen 0.15/turn               (no ring)
                                (no ring)
                                (no ring)

@: acrobatic, wreathed by umbra, lightly drained
A: almost no armour, amphibious, 8 rings, camouflage 1, gelatinous body 1,
nimble swimmer 1, tentacles
a: Renounce Religion, Shadow Step


You were on level 9 of the Dungeon.
You worshipped Dithmenos.
Dithmenos was pleased with you.
You visited 2 branches of the dungeon, and saw 10 of its levels.

You collected 690 gold pieces.

Inventory:

Hand Weapons
 a - a +2 vampiric dagger (weapon)
 b - a +0 rapier
 B - a +2 dagger of venom
 G - a +4 dagger of draining
Missiles
 d - 79 stones
 k - 16 poisoned darts (quivered)
Magical Staves
 q - a staff of cold
 D - a staff of fire
Jewellery
 c - an amulet of the acrobat (around mantle)
 n - a ring of protection from cold (left tentacle)
 w - a +4 ring of protection (right tentacle)
 E - a +6 ring of strength (on tentacle)
Wands
 r - a wand of iceblast (23)
 y - a wand of flame (5)
 C - a wand of digging (4)
Scrolls
 f - 7 scrolls of identify {unknown}
 l - 4 scrolls of teleportation {unknown}
 p - a scroll of magic mapping
 s - a scroll of fog {unknown}
 t - 2 scrolls of enchant armour {unknown}
 u - 3 scrolls of enchant weapon {unknown}
 v - 2 scrolls of vulnerability {unknown}
 x - a scroll of summoning {unknown}
 H - a scroll of fear {unknown}
Potions
 e - a potion of invisibility {unknown}
 g - 2 potions of attraction {unknown}
 h - 2 potions of berserk rage {unknown}
 i - a potion of degeneration {unknown}
 j - 2 potions of might {unknown}
 m - a potion of lignification {unknown}
 o - 3 potions of resistance {unknown}
 z - a potion of curing {unknown}
 A - a potion of magic {unknown}
 F - 3 potions of heal wounds {unknown}


   Skills:
 - Level 4.0 Short Blades
 - Level 2.0 Dodging
 - Level 6.0 Stealth
 - Level 4.0 Spellcasting
 - Level 4.0 Summonings
 + Level 8.3 Transmutations
 - Level 10.0 Earth Magic


You had 4 spell levels left.
You knew the following spells:

 Your Spells              Type           Power      Damage    Failure   Level
a - Sandblast             Erth           96%        2d20      1%          1
d - Call Canine Familiar  Summ           22%        N/A       6%          3
o - Ozocubu's Armour      Ice            4%         N/A       32%         3
p - Petrify               Tmut/Erth      44%        N/A       2%          4
w - Passwall              Tmut/Erth      36%        N/A       1%          2

Your spell library contained the following spells:

 Spells                   Type           Power      Damage    Failure   Level
 Summon Small Mammal      Summ           88%        N/A       2%          1
 Stone Arrow              Conj/Erth      52%        3d10      4%          3
 Animate Skeleton         Necr           8%         N/A       11%         1
 Pain                     Necr           16%        1d4       11%         1
 Summon Guardian Golem    Hex/Summ       13%        N/A       14%         3
 Scorch                   Fire           8%         2d5       17%         2
 Dazzling Flash           Conj/Hex       8%         N/A       32%         3
 Tukima's Dance           Hex            4%         N/A       32%         3
 Vampiric Draining        Necr           4%         2d6       32%         3
 Anguish                  Hex/Necr       2%         N/A       73%         4
 Flame Wave               Conj/Fire      4%         2d5       73%         4
 Agony                    Necr           4%         N/A       97%         5
 Silence                  Hex/Air        2%         N/A       97%         5
 Summon Cactus Giant      Summ           11%        N/A       97%         6
 Enfeeble                 Hex            2%         N/A       100%        7
 Ozocubu's Refrigeration  Ice            2%         4d5       100%        7


Dungeon Overview and Level Annotations

Branches:
Dungeon (9/15)             Temple (1/1) D:5            Lair (0/6) D:9
    Orc: D:9-12

Altars:
Ashenzari
Cheibriados
Dithmenos
Elyvilon
Fedhas
Gozag
Hepliaklqana
Kikubaaqudgha
Makhleb
Nemelex Xobeh
Okawaru
Qazlal
Ru
Sif Muna
Trog
Uskayaw
Vehumet
Wu Jian
Xom
Yredelemnul
Zin
The Shining One

Shops:
D:4 [

Annotations:
D:3 1 runed translucent door, Crazy Yiuf
D:7 Harold
D:9 exclusion: centaur, Erolcha


Innate Abilities, Weirdness & Mutations

You cannot wear most types of armour.
You are amphibious.
You can wear up to eight rings at the same time.
Your skin changes colour to match your surroundings (Stealth+).
Your rubbery body absorbs attacks. (AC +1, EV +1)
You are camouflaged when in or above water. (Stealth+)
You have tentacles for arms and can constrict up to eight enemies at once.


Message History

You impale the centaur zombie!!
The centaur zombie is heavily damaged.
The helpless centaur zombie fails to defend itself.
You impale the centaur zombie!!
The centaur zombie is severely damaged.
An acid dragon comes into view.
The helpless centaur zombie fails to defend itself.
You stick the centaur zombie like a pincushion!!!
You destroy the centaur zombie!
Dithmenos accepts your kill.
The acid dragon roars!
Your magical contamination has completely faded away.
The acid dragon spits acid at you. The splash of acid hits you!!
The acid dragon spits acid at you. The splash of acid hits you!
You see here a +0 ring mail.
Erolcha closely misses you. Erolcha hits you with a +0 giant club!!
* * * LOW HITPOINT WARNING * * *
Okay, then.
Unknown command.
Unknown command.
Unknown command.
Press: ? - help, v - describe, . - travel
Here: Erolcha, wielding a +0 giant club and wearing a +0 robe (umbra) Some shallow water.
Unknown command.
Unknown command.
Unknown command.
Unknown command.
Unknown command.
Unknown command.
As you read the scroll labelled WIWIYB ASINWOULIEM, it crumbles to dust.
You feel aware of your surroundings.
It was a scroll of magic mapping.
Erolcha gestures wildly while chanting.
Erolcha blinks!
Erolcha casts a spell at you.
The fireball explodes!
The fireball engulfs you!
You die...

*,,* #P♣♣≈≈≈♣....................
,,,* #..≈≈≈....####..####..#####.
,,,* #..≈≈.....# #..# #..# *,.
,,,* #...P.PP### #..# #..# **.
*,,* ##....P## ♣♣.# #..# *. *,,*
#..[P.##♣♣♣♣♣♣♣♣# #..# *. *,,*
#.P...#≈♣≈≈≈♣≈≈≈♣##..# *. *,,*
#.#..#≈♣D≈≈P≈≈≈≈P≈#..# *. *,,*
#...♣P♣≈o§@≈≈.≈≈≈....# *, *,,*
###.≈≈≈≈≈≈.÷.........# *, *,,*
#..................# #. ,,,*
#....O≈........≈≈♣♣♣## #. ,,,*
#...♣.≈..≈≈≈≈≈≈≈≈≈≈≈≈# #. ,,,*
#...≈≈≈≈≈≈≈P≈≈≈≈≈≈≈≈≈♣ #.
*,,*****#..##P≈≈≈≈≈≈≈≈≈≈≈≈≈≈♣# #.
*,,,,,,,...###≈≈≈≈≈≈≈≈≈≈≈)♣†####.
,,,****#....,.≈PPP≈≈≈≈≈≈♣♣..)....


You could see Erolcha, an orc warrior and an acid dragon.

Vanquished Creatures
  3 centaur zombies
  Grinder (D:3)
  A wraith (D:6)
  Menkaure (D:5)
  2 orc warriors
  4 sky beasts
  A hornet zombie (D:8)
  3 ice beasts
  4 ogres
  4 centaurs
  Blork the orc (D:4)
  A kobold brigand (D:8)
  A bullfrog (D:8)
  A water moccasin zombie (D:5)
  4 killer bees
  5 wights
  7 howler monkeys
  3 electric eels (D:9)
  3 centaur skeletons
  2 jellies
  7 orc priests
  7 hounds
  A bullfrog skeleton (D:5)
  5 orc wizards
  2 killer bee zombies
  Robin (D:2)
  12 adders
  2 worms
  A dart slug (D:4)
  28 orcs
  10 bats
  6 endoplasms
  3 giant cockroaches
  6 hobgoblins
  11 jackals
  13 kobolds
  4 quokkas
  7 ball pythons
  4 frilled lizards
  26 goblins
  4 rats
212 creatures vanquished.

Vanquished Creatures (others)
  3 fungi (D:9)
  45 plants (D:9)
48 creatures vanquished.

Grand Total: 260 creatures vanquished

Notes
Turn   | Place    | Note
-------+----------+-------------------------------------------
     0 | D:1      | erker the Octopode Earth Elementalist began the quest for
                  | the Orb.
     0 | D:1      | Reached XP level 1. HP: 11/11 MP: 3/3
   287 | D:1      | Reached XP level 2. HP: 13/17 MP: 5/5
   292 | D:1      | Learned a level 2 spell: Passwall
   702 | D:1      | Reached skill level 1 in Short Blades
   927 | D:1      | Reached XP level 3. HP: 21/21 MP: 6/6
  1415 | D:2      | Found a faded altar of an unknown god.
  1615 | D:2      | Found an iron altar of Okawaru.
  1867 | D:2      | Noticed Robin
  1871 | D:2      | Killed Robin
  1872 | D:2      | Reached XP level 4. HP: 27/27 MP: 4/7
  2084 | D:2      | Reached skill level 4 in Earth Magic
  2764 | D:3      | Noticed Grinder
  2773 | D:3      | Killed Grinder
  2774 | D:3      | Reached XP level 5. HP: 5/31 MP: 0/8
  2774 | D:3      | Reached XP level 6. HP: 6/36 MP: 0/9
  3059 | D:3      | Found a sacrificial altar of Ru.
  3424 | D:3      | Found a blossoming altar of Fedhas.
  3785 | D:3      | Found a hide-covered altar of Uskayaw.
  3899 | D:3      | Found a runed translucent door.
  3900 | D:3      | Noticed Crazy Yiuf
  3933 | D:3      | Reached skill level 5 in Earth Magic
  4206 | D:4      | Found Deggos's Antique Armour Boutique.
  4213 | D:4      | Noticed Blork the orc
  4239 | D:4      | Learned a level 3 spell: Call Canine Familiar
  4272 | D:4      | Killed Blork the orc
  4279 | D:4      | Reached XP level 7. HP: 27/41 MP: 2/10
  4535 | D:4      | Reached skill level 6 in Earth Magic
  5056 | D:4      | Found a glowing silver altar of Zin.
  5067 | D:4      | Reached skill level 5 in Transmutations
  5646 | D:3      | Learned a level 4 spell: Petrify
  6017 | D:5      | Entered Level 5 of the Dungeon
  6069 | D:5      | Noticed Menkaure
  6075 | D:5      | Killed Menkaure
  6076 | D:5      | Reached XP level 8. HP: 41/46 MP: 7/11
  6163 | D:5      | Reached skill level 7 in Earth Magic
  6371 | D:5      | Reached skill level 8 in Earth Magic
  6820 | D:5      | Found a staircase to the Ecumenical Temple.
  6825 | Temple   | Entered the Ecumenical Temple
  7005 | Temple   | Became a worshipper of Dithmenos the Shadowed
  7116 | D:5      | Reached XP level 9. HP: 42/51 MP: 7/12
  7350 | D:5      | Found an ancient bone altar of Kikubaaqudgha.
  8150 | D:6      | Reached skill level 5 in Stealth
  8520 | D:6      | Found a burning altar of Makhleb.
  9143 | D:6      | Learned a level 3 spell: Ozocubu's Armour
  9209 | D:7      | Reached * piety under Dithmenos
  9822 | D:7      | HP: 1/51 [killer bee zombie (8)]
 10335 | D:7      | Noticed Harold
 10915 | D:8      | Reached XP level 10. HP: 56/56 MP: 10/16
 11218 | D:8      | Reached skill level 9 in Earth Magic
 12199 | D:9      | Noticed Erolcha
 12225 | D:9      | Identified the +1 ring mail of Chill Winds {rPois rCorr
                  | Str-5 Dex+3}
 12607 | D:9      | Reached skill level 10 in Earth Magic
 12665 | D:9      | Reached ** piety under Dithmenos
 12904 | D:9      | HP: 2/55 [Erolcha/+0 giant club (22)]
 12907 | D:9      | Killed from afar by Erolcha

Illustrated notes

Levels and vault maps discovered:
D:1:      mushboom_english_gardens, layout_basic
D:2:      layout_basic, basic_ecumenical_altar, basic_altar, uniq_robin
D:3:      layout_loops_ring, mainiacjoe_overflow_24_doors,
          mainiacjoe_overflow_catch_the_wave, corexii_leaking_fountain,
          grunt_ministairs_12, uniq_crazy_yiuf_cottage, uniq_grinder
D:4:      minmay_chambers_of_threes, layout_loops_cross, zin_statuary,
          serial_shops, shop_coins, uniq_blork_the_orc
D:5:      layout_rooms, kennysheep_mini, temple_doors_e, uniq_menkaure
D:6:      minmay_chambers_of_fours, layout_loops_corners, old_standard_altar,
          minivault_26
D:7:      layout_basic, minmay_crossroads, uniq_harold
D:8:      layout_loops_corners
D:9:      layout_long_grid, dpeg_oklobed_lair, serial_bayou,
          serial_bayou_ford_a, serial_bayou_pond_a, serial_bayou_pond_b,
          serial_bayou_pond_a, serial_bayou_lagoon_a, st_stairs_10, uniq_erolcha
Temple:   eino_temple_rhombus

Skill      XL: |  1  2  3  4  5  6  7  8  9 10 |
---------------+-------------------------------+-----
Stealth        | 3 4 6 |  6.0
Short Blades   | 1 2 4 |  4.0
Earth Magic    | 4 5 6 8 10 | 10.0
Transmutations | 4 6 7 8 |  8.3
Summonings     | 2 3 4 |  4.0
Spellcasting   | 4 |  4.0
Dodging        | |  2.0

Action                   |  1- 3 |  4- 6 |  7- 9 | 10-12 || total
-------------------------+-------+-------+-------+-------++-------
Melee: Dagger            |    59 |     5 |   103 |    51 ||   218
       Unarmed           |     5 |       |       |       ||     5
       Constrict         |    23 |    27 |    24 |    14 ||    88
       Tentacles         |    16 |    20 |    40 |    14 ||    90
       Punch             |     2 |     1 |     3 |     1 ||     7
       Rapier            |    11 |    90 |    55 |       ||   156
Throw: Dart              |       |       |     2 |     4 ||     6
 Cast: Sandblast         |    15 |    15 |    74 |    17 ||   121
       Passwall          |       |     3 |    12 |     6 ||    21
       Petrify           |       |       |    17 |    21 ||    38
       Call Canine Famil |       |       |     3 |     1 ||     4
Evoke: Wand              |       |       |       |     4 ||     4
  Use: Scroll            |       |       |       |     1 ||     1
 Stab: Sleeping          |     7 |     6 |    22 |     3 ||    38
       Petrified         |       |       |    36 |    14 ||    50
       Distracted        |       |       |     1 |       ||     1
       Petrifying        |       |       |     1 |       ||     1
Armor: Skin              |     3 |     5 |     8 |     5 ||    21
Dodge: Dodged            |    60 |    91 |   114 |    43 ||   308
